 Dungeon Crawl Stone Soup version 0.31-a0-167-g1c394c0614 (webtiles) character file.

Game seed: 7300621130870123785

242 Dittersdorf the Covered (level 6, -3/39 HPs)
             Began as a Gargoyle Fighter on June 14, 2023.
             Slain by an ogre
             ... wielding a +0 giant club
              (22 damage)
             ... on level 4 of the Dungeon.
             The game lasted 00:04:34 (2685 turns).

Dittersdorf the Covered (Gargoyle Fighter)          Turns: 2685, Time: 00:04:35

Health: -3/39      AC: 20    Str: 22    XL:     6   Next: 9%
Magic:  6/6        EV: 15    Int:  8    God:
Gold:   253        SH:  4    Dex:  9    Spells: 5/5 levels left

rFire   . . .        a - +0 flail
rCold   . . .        c - +0 buckler
rNeg    + + +        s - +7 ring mail of the Game of Kings {Harm rN++}
rPois   ∞            e - +1 helmet
rElec   +            b - +0 cloak
rCorr   +            (no gloves)
SInv    .            (no boots)
Will    .....        t - amulet of the acrobat Stlth
                     n - +5 ring of evasion
HPRegen 0.26/turn    h - ring of resist corrosion
MPRegen 0.10/turn

%: harm (+30% outgoing, +20% incoming), acrobat
@: no status effects
A: sickness immunity, AC +4, negative energy resistance 1, electricity
resistance, torment resistance 1, petrification resistance
a: no special abilities


You were on level 4 of the Dungeon.
You visited 1 branch of the dungeon, and saw 4 of its levels.
You also visited: Sewer.

You collected 253 gold pieces.

Inventory:

Hand Weapons
 a - a +0 flail (weapon)
Armour
 b - a +0 cloak (worn)
 c - a +0 buckler (worn)
 e - a +1 helmet (worn)
 s - the +7 ring mail of the Game of Kings (worn) {Harm rN++}
   (You found it on level 3 of the Dungeon)

   rN:        It greatly protects you from negative energy.
   Harm:      It increases damage dealt and taken.
Jewellery
 h - a ring of resist corrosion (right hand)
 n - a +5 ring of evasion (left hand)
 t - an amulet of the acrobat (around neck)
Wands
 q - a wand of digging (2)
Scrolls
 l - a scroll of vulnerability
 m - a scroll of silence
 o - a scroll of butterflies
Potions
 d - a potion of might
 f - a potion of resistance {unknown}
 g - 4 potions of haste
 i - a potion of cancellation {unknown}
 j - a potion of brilliance {unknown}
 k - 3 potions of heal wounds
 p - 2 potions of magic {unknown}
 v - a potion of curing {unknown}


   Skills:
 + Level 4.5 Fighting
 + Level 3.4 Maces & Flails
 + Level 4.6 Armour
 + Level 4.5 Shields


You had 5 spell levels left.
You didn't know any spells.
Your spell library contained the following spells:

 Spells                   Type           Power      Damage    Failure   Level
 Gell's Gravitas          Tloc           0%         N/A       94%         3
 Teleport Other           Tloc           0%         N/A       94%         3
 Dispersal                Tloc           0%         N/A       100%        6


Dungeon Overview and Level Annotations

Branches:
Dungeon (4/15)              Sewer (visited)
 Temple: D:4-7

Altars:
Fedhas
Hepliaklqana
Nemelex Xobeh
Qazlal
Ru

Annotations:
D:1 1 transporter


Innate Abilities, Weirdness & Mutations

You are immune to sickness and miasma.
Your stone body is resilient. (AC +4)
You are immune to poison.
You resist negative energy. (rN+)
You are resistant to electric shocks. (rElec)
You are resistant to unholy torment.
You are immune to petrification.


Message History

No target in view!
No target in view!
No target in view!
An ogre comes into view. It is wielding a +0 giant club.
The ogre shouts!
You hit the ogre.
The ogre is lightly wounded.
The ogre misses you.
You sock the ogre!
The ogre is heavily wounded.
The ogre hits you with a +0 giant club!
You completely miss the ogre.
The ogre is heavily wounded.
The ogre hits you with a +0 giant club!
You are too injured to fight recklessly!
You are too injured to fight recklessly!
You are too injured to fight recklessly!
You are too injured to fight recklessly!
You are too injured to fight recklessly!
You are too injured to fight recklessly!
You are too injured to fight recklessly!
You are too injured to fight recklessly!
You are too injured to fight recklessly!
You are too injured to fight recklessly!
You are too injured to fight recklessly!
You are too injured to fight recklessly!
You are too injured to fight recklessly!
You are too injured to fight recklessly!
You are too injured to fight recklessly!
You are too injured to fight recklessly!
You are too injured to fight recklessly!
You are too injured to fight recklessly!
You hit the ogre.
The ogre is severely wounded.
You block the ogre's attack.
You barely miss the ogre.
The ogre is severely wounded.
The ogre hits you with a +0 giant club!!
Ouch! That really hurt!
You die...

######### ##
.......... #.#
#.........# ..#
#.........# #.#
#.........###.#
#............##
#.........###.##
#.............@#
#.........#####O#
#.........# #..
#####†..### #.#
#.#.# .# #..<# #
##.## #.# #^#


You could see an ogre.

Vanquished Creatures
  A kobold brigand (Sewer)
  Ijyb (D:3)
  3 adders
  A gnoll (D:1)
  4 worms (D:2)
  A dart slug (D:3)
  8 bats
  6 endoplasms
  6 giant cockroaches
  7 goblins
  8 hobgoblins
  4 jackals (D:1)
  3 quokkas
  7 ball pythons
  5 frilled lizards
  25 kobolds
  8 rats
98 creatures vanquished.

Notes
Turn   | Place    | Note
-------+----------+-------------------------------------------
     0 | D:1      | Dittersdorf the Gargoyle Fighter began the quest for the
                  | Orb.
     0 | D:1      | Reached XP level 1. HP: 14/14 MP: 1/1
    19 | D:1      | Found a faded altar of an unknown god.
   151 | D:1      | Reached XP level 2. HP: 12/19 MP: 2/2
   355 | D:1      | Reached XP level 3. HP: 15/23 MP: 3/3
  1024 | D:2      | Reached XP level 4. HP: 28/29 MP: 4/4
  1491 | D:3      | Found a glowing drain.
  1503 | Sewer    | Entered a sewer
  1747 | Sewer    | Noticed a kobold brigand
  1760 | Sewer    | Killed a kobold brigand
  1761 | Sewer    | Reached XP level 5. HP: 15/33 MP: 5/5
  1928 | D:3      | Noticed Ijyb
  1939 | D:3      | Killed Ijyb
  1960 | D:3      | Identified the +7 ring mail of the Game of Kings {Harm
                  | rN++}
  2310 | D:3      | Identified the +3 hand axe "Loasiaqi" {flame, rElec Will+
                  | rCorr}
  2426 | D:3      | Found a stormy altar of Qazlal.
  2426 | D:3      | Found a hazy altar of Hepliaklqana.
  2433 | D:3      | Found a blossoming altar of Fedhas.
  2435 | D:3      | Found a sparkling altar of Nemelex Xobeh.
  2437 | D:3      | Found a sacrificial altar of Ru.
  2535 | D:3      | Reached XP level 6. HP: 39/39 MP: 6/6
  2685 | D:4      | Slain by an ogre

Illustrated notes

Levels and vault maps discovered:
D:1:      spicycebolla_arrival_risky_transporter, layout_loops_ring,
          hellmonk_ecumenical_altar_arch_garden
D:2:      layout_loops_ring, st_stairs_10, dreamdust_wishing_well,
          minmay_pentomino_v4
D:3:      corexii_shack_village, layout_basic,
          chequers_temple_overflow_minitemple, gup_sewer_entry_pipe,
          st_stairs_7, uniq_ijyb
D:4:      layout_loops_corners, temple_statues, serial_shops, shop

Skill      XL: |  1  2  3  4 |
---------------+-------------+-----
Shields        | 4 |  4.5
Fighting       | 4 |  4.5
Armour         | 4 |  4.6
Maces & Flails | 3 |  3.4

Action                     |  1- 3 |  4- 6 || total
---------------------------+-------+-------++-------
  Melee: Flail             |   124 |   197 ||   321
    Use: Scroll            |       |    10 ||    10
 Armour: Scale mail        |    91 |    62 ||   153
         Ring mail         |       |    38 ||    38
  Dodge: Dodged            |    70 |   206 ||   276
  Block: Buckler           |    36 |    64 ||   100

Table legend: (Time is in decaauts)
 A = Elapsed time spent in this place.
 B = Non-inter-level travel time spent in this place.
 C = Inter-level travel time spent in this place.
 D = Time resting spent in this place.
 E = Time spent auto-exploring this place.
 F = Levels seen in this place.
 G = Mean time per level.
                   A        B        C        D        E       F      G
               +--------+--------+--------+--------+--------+-----+--------+
         Total |   2803 |   2693 |    110 |     57 |   1846 |   5 |  560.6 |
       Dungeon |   2410 |   2300 |    110 |      0 |   1662 |   4 |  602.5 |
         Sewer |    393 |    393 |      0 |     57 |    183 |   1 |  393.0 |
               +--------+--------+--------+--------+--------+-----+--------+

Top non-repeatable levels by time:
     D:3: 879 daAuts
     D:1: 750 daAuts
     D:2: 749 daAuts
   Sewer: 393 daAuts
     D:4: 30 daAuts
